 Dungeon Crawl Stone Soup version 0.21-a0-404-g291f19a (webtiles) character file.

41 IceWhale the Insei (level 3, 27/27 HPs)
             Began as a Demigod Transmuter on Oct 27, 2017.
             Quit the game on level 2 of the Dungeon.
             The game lasted 00:06:51 (1396 turns).

IceWhale the Insei (Demigod Transmuter)             Turns: 1396, Time: 00:06:52

Health: 27/27      AC:  2    Str: 13    XL:     3   Next: 16%
Magic:  8/8        EV: 13    Int: 19    God:
Gold:   20         SH:  0    Dex: 16    Spells: 3/6 levels left

rFire    . . .     SeeInvis .     - Unarmed
rCold    . . .     Gourm    .   (no shield)
rNeg     . . .     Faith    .   b - +0 robe
rPois    .         Spirit   .   (no helmet)
rElec    .         Reflect  .   (no cloak)
rCorr    .         Harm     .   (no gloves)
MR       .....                  (no boots)
Stlth    ++........             (no amulet)
HPRegen  0.09/turn              (no ring)
MPRegen  0.11/turn              (no ring)

@: no status effects
A: high mp 1
a: no special abilities


You were on level 2 of the Dungeon.
You were not hungry.

You visited 1 branch of the dungeon, and saw 2 of its levels.

You collected 20 gold pieces.

Inventory:

Missiles
 a - 10 arrows
 e - 17 bolts
Armour
 b - a +0 robe (worn)
 d - a +0 robe
Scrolls
 f - a scroll of enchant armour {unknown}
 j - a scroll of immolation {unknown}
 k - a scroll of teleportation {unknown}
 l - a scroll of noise {unknown}
 m - a scroll of identify {unknown}
Potions
 g - a potion of berserk rage {unknown}
 h - a potion of curing
 i - a potion of magic
 o - a potion of invisibility {unknown}
 p - a potion of mutation {unknown}
Books
 c - a book of Changes

   Spells                             Type                      Level
   a - Beastly Appendage              Transmutation                1
   b - Sticks to Snakes               Transmutation                2
   c - Spider Form                    Transmutation/Poison         3
   d - Ice Form                       Ice/Transmutation            4
   e - Blade Hands                    Transmutation                5
Comestibles
 n - a meat ration
 q - 4 chunks of flesh


   Skills:
 + Level 0.9 Fighting
 + Level 2.1 Dodging
 + Level 0.2 Stealth
 + Level 3.1 Unarmed Combat
 + Level 2.1 Spellcasting
 * Level 2.2 Transmutations


You had 3 spell levels left.
You knew the following spells:

 Your Spells              Type           Power        Failure   Level  Hunger
a - Beastly Appendage     Tmut           ##....       7%          1    #......
b - Sticks to Snakes      Tmut           ##......     10%         2    ##.....


Dungeon Overview and Level Annotations

Branches:
Dungeon (2/15)


Innate Abilities, Weirdness & Mutations

You have an increased reservoir of magic. (+10% MP)


Message History

Things that are here:
a club; a hobgoblin corpse You butcher the hobgoblin corpse.
q - 3 chunks of flesh You see here a club.
A hobgoblin comes into view. It is wielding a club.
The hobgoblin shouts!
You hit the hobgoblin.
The hobgoblin is severely wounded.
The hobgoblin hits you but does no damage.
You hit the hobgoblin.
You kill the hobgoblin!
Things that are here:
a club; a hobgoblin corpse You butcher the hobgoblin corpse.
q - 4 chunks of flesh (gained 1)
You see here a club.
You see here a club.
A kobold comes into view.
Are you sure you want to abandon this character and quit the game? (Confirm with "yes".)

###.....#.#
#.........#
#.#...(.###
#.#.....)..
#########.###......
#......##..........
##.###.###.##.#.##.
#.# #.# #.##.#.#..
#@# #.###.##.#.#..
#.# #.....##.#.#..
#.# ########.#.###
#.# #.#.#.. #.#
#######.#.#.# #.#
..........#.# #.#
.........##.# #.K
>...........#
.........####


You could see a kobold (sleeping).

Vanquished Creatures
  2 adders (D:2)
  A worm (D:2)
  A leopard gecko (D:1)
  A ball python (D:2)
  4 hobgoblins
  A jackal (D:2)
  5 kobolds
  3 bats (D:1)
  3 goblins
  A rat (D:1)
22 creatures vanquished.

Vanquished Creatures (others)
  A worm (D:2)
1 creature vanquished.

Grand Total: 23 creatures vanquished

Notes
Turn   | Place    | Note
-------+----------+-------------------------------------------
     0 | D:1      | IceWhale the Demigod Transmuter began the quest for the Orb.
     0 | D:1      | Reached XP level 1. HP: 15/15 MP: 5/5
   742 | D:1      | Reached XP level 2. HP: 8/22 MP: 5/7
   939 | D:1      | You fall through a shaft!
   951 | D:2      | Reached skill level 3 in Unarmed Combat
  1100 | D:2      | Learned a level 2 spell: Sticks to Snakes
  1132 | D:2      | Found a radiant altar of Vehumet.
  1218 | D:2      | Reached XP level 3. HP: 24/27 MP: 4/8
  1396 | D:2      | Quit the game

Vault maps used:
D:1:      dpeg_arrival_windows_large_door, serial_bayou_pond_a,
          patterned_corridor
D:2:      fiery_altar_vehumet

Skill      XL: |  1  2 |
---------------+-------+-----
Dodging        | 2 |  2.1
Spellcasting   | 2 |  2.1
Unarmed Combat | 3 |  3.1
Transmutations | 2 |  2.2
Fighting       | |  0.9
Stealth        | |  0.2

Action                   || total
-------------------------++-------
Melee: Unarmed           ||    72
       Headbutt          ||     4
       Kick              ||     5
 Cast: Beastly Appendage ||     9
       Sticks to Snakes  ||     2
  Use: Potion            ||     2
 Stab: Distracted        ||     1
  Eat: Bread ration      ||     1
Armor: Robe              ||    15
Dodge: Dodged            ||    57

Table legend:
 A = Spawn XP
 B = Non-spawn XP
 C = Spawn XP percentage of total XP
 D = Spawn monster count
 E = Non-spawn monster count
 F = Spawn count percentage of total count
 G = Total turns spent on level
                    A         B        C        D         E        F      G
               +---------+---------+-------+---------+---------+-------+---------
         Total |       0 |      59 |   0.0 |       0 |      22 |   0.0 |  1396
               +---------+---------+-------+---------+---------+-------+---------
           D:1 |       0 |      17 |   0.0 |       0 |      10 |   0.0 |   939
           D:2 |       0 |      42 |   0.0 |       0 |      12 |   0.0 |   457
               +---------+---------+-------+---------+---------+-------+---------
